Canucks vs Oilers

Created - April 13, 2024 at 22:00

Goals
1 2 3 OT1 T
Canucks 1 2 1 0 4
Oilers 2 2 0 1 5
Shots
1 2 3 OT1 T
Canucks 8 8 12 0 28
Oilers 20 19 10 6 55

1st period

1. Oilers , Nick Schmaltz 30 (Sam Bennett 37, Ian Cole 7) at 1:07
2. Oilers , Nick Schmaltz 31 (Sam Bennett 38, Jonas Brodin 31) at 2:11
3. Canucks , Lawson Crouse 31 (Matthew Boldy 40, Jonathan Toews 46) at 3:02

Penalties :
Chris Kreider (VAN) for Roughing (Minor) at 5:58, Rasmus Andersson (EDM) for Hooking (Minor) at 17:57

2nd period

4. Canucks , Chris Kreider 38 (Jamie Oleksiak 43, Vince Dunn 51) at 0:22
5. Oilers , J.T. Miller 32 (Yanni Gourde 24, Connor McDavid 47) at 4:08
6. Canucks , Mattias Samuelsson 9 (Jamie Oleksiak 44, Nick Bonino 16) at 17:18
7. Oilers , J.T. Miller 33 (Connor McDavid 48, Yanni Gourde 25) at 17:40

Penalties :
No Penalty

3rd period

8. Canucks , Chris Kreider 39 (Claude Giroux 37, Vince Dunn 52) at 7:50

Penalties :
Jonas Brodin (EDM) for Hooking (Minor) at 2:42, Joel Edmundson (VAN) for High sticking (Minor) at 8:08, Vince Dunn (VAN) for Interference (Minor) at 14:12

Overtime #1

9. Oilers , Connor McDavid 44 (J.T. Miller 51, Rasmus Andersson 29) at 3:21

Penalties :
No Penalty

Goalie Stats

Thatcher Demko (VAN), 50 saves from 55 shots - (0.909), OTL, 7-3-3, 63:22 minutes
Connor Hellebuyck (EDM), 24 saves from 28 shots - (0.857), W, 44-16-6, 63:22 minutes

Players Stats for Canucks

Player Name              G  A  P  +/- PIM S  H  SB GA TA FO     MP     PP MP  PK MP  
------------------------------------------------------------------------------------
Andrei Kuzmenko          0  0  0  -1  0   2  0  0  0  0  1/3    13:44   2:09   0:00 
Carson Soucy             0  0  0  -1  0   0  1  2  0  0  0/0    17:13   0:00   2:38 
Chris Kreider            2  0  2   0  2   3  7  1  0  0  0/2    25:00   1:49   0:00 
Claude Giroux            0  1  1   0  0   1  1  1  0  0  10/25  16:07   1:49   2:09 
Cody Glass               0  0  0   0  0   1  2  0  0  0  7/17   12:14   0:00   0:56 
Ethan Bear               0  0  0   0  0   0  0  0  0  0  0/0     0:00   0:00   0:00 
Jack Roslovic            0  0  0   0  0   0  0  0  0  0  5/16   16:09   0:00   2:09 
Jamie Oleksiak           0  2  2   1  0   2  4  2  0  0  0/0    27:09   1:54   3:19 
Joel Edmundson           0  0  0  -1  2   1  1  3  0  0  0/0    18:24   2:04   1:23 
Jonathan Toews           0  1  1   0  0   3  0  0  0  0  17/27  17:14   2:09   0:00 
Jordan Martinook         0  0  0   0  0   0  1  0  0  0  0/2    17:33   0:00   3:33 
Lawson Crouse            1  0  1   0  0   2  5  0  0  0  3/9    20:16   1:49   3:07 
Matthew Boldy            0  1  1  -1  0   1  0  0  0  0  0/1    17:11   2:09   0:00 
Mattias Samuelsson       1  0  1   1  0   3  1  1  0  0  0/0    17:51   2:04   3:19 
Nick Bonino              0  1  1   0  0   6  1  1  0  0  1/2    14:00   0:00   0:00 
Olli Maatta              0  0  0   0  0   3  1  2  0  0  0/0    16:18   0:00   1:15 
Robby Fabbri             0  0  0   0  0   0  3  0  0  0  0/0    11:18   0:00   0:00 
Vince Dunn               0  2  2  -1  2   0  2  3  0  0  0/0    26:25   1:54   0:00 

Players Stats for Oilers

Player Name              G  A  P  +/- PIM S  H  SB GA TA FO     MP     PP MP  PK MP  
------------------------------------------------------------------------------------
Andre Burakovsky         0  0  0   0  0   5  0  0  0  0  0/1    17:35   3:20   0:00 
Auston Matthews          0  0  0  -2  0   5  0  0  0  0  15/27  19:59   2:37   0:40 
Brad Marchand            0  0  0  -2  0   1  0  0  0  0  0/2    19:18   3:00   0:36 
Connor McDavid           1  2  3   3  0   6  0  0  0  0  12/19  20:55   4:02   0:00 
David Kampf              0  0  0   0  0   3  0  0  0  0  7/10    6:33   0:00   0:44 
Ian Cole                 0  1  1   1  0   0  3  0  0  0  0/0    19:12   0:00   2:07 
J.T. Miller              2  1  3   3  0   8  0  0  0  0  2/8    21:11   2:37   2:24 
Jared Spurgeon           0  0  0   1  0   1  3  1  0  0  0/0    20:16   0:00   2:23 
Jonas Brodin             0  1  1   1  2   1  2  0  0  0  0/0    18:09   0:00   1:05 
Matthew Benning          0  0  0  -2  0   1  2  0  0  0  0/0    20:18   1:49   1:51 
Morgan Rielly            0  0  0  -2  0   1  2  0  0  0  0/0    20:16   2:57   0:10 
Nick Schmaltz            2  0  2   0  0   6  0  1  0  0  0/1    18:06   3:20   0:00 
Oskar Sundqvist          0  0  0   0  0   1  0  0  0  0  0/1     5:49   0:00   0:00 
Radek Faksa              0  0  0   0  0   2  0  0  0  0  1/3     8:27   0:00   2:38 
Rasmus Andersson         0  1  1   2  2   3  1  2  0  0  0/0    18:07   0:06   0:20 
Sam Bennett              0  2  2   0  0   7  1  0  0  0  20/27  17:35   3:20   0:00 
Sam Reinhart             0  0  0  -2  0   4  1  0  0  0  1/2    18:36   2:37   0:00 
Yanni Gourde             0  2  2   2  0   0  0  0  0  0  2/3    15:44   0:00   0:54 

3 Stars

1 - J.T. Miller (EDM)
2 - Connor McDavid (EDM)
3 - Chris Kreider (VAN)

Power Play

Canucks - 0 on 2 Attempt(s) - 0.00%
Oilers - 0 on 3 Attempt(s) - 0.00%

Penalty Kill

Canucks - 3 on 3 Attempt(s) - 100.00% - Score 0 goal in Penalty Kill
Oilers - 2 on 2 Attempt(s) - 100.00% - Score 0 goal in Penalty Kill

Team Stat

Canucks - Hits : 30 - Faceoff Wins : 44 - Blocked Shots : 16 - Penalty Minutes : 6
Oilers - Hits : 15 - Faceoff Wins : 60 - Blocked Shots : 4 - Penalty Minutes : 4

Official

Referees : Tj Luxmore and Francis Charron
Linesman : Jonny Murray and Mark Shewchyk

Game Notes

No Game Note

Finance

Level 1 -- Attendance: 6000 (100.00%) -- Ticket Income $630,000
Level 2 -- Attendance: 5000 (100.00%) -- Ticket Income $225,000
Level 3 -- Attendance: 2000 (100.00%) -- Ticket Income $80,000
Level 4 -- Attendance: 4000 (100.00%) -- Ticket Income $140,000
Luxury Box -- Attendance: 1000 (100.00%) -- Ticket Income $100,000
Game was played at the Rexall Place.
Total Attendance: 18000 (100.00%)
Total Ticket Income: $1,175,000
Other Income: $575,750
Total Income: $1,750,750

Canucks

5 vs 5 Forward 
   Center                   Left Wing                Right Wing               Time % Phy DF OF 
 1 Claude Giroux            Chris Kreider            Andrei Kuzmenko          25     1   2  2  
 2 Jonathan Toews           Matthew Boldy            Lawson Crouse            25     1   2  2  
 3 Jack Roslovic            Nick Bonino              Jordan Martinook         25     1   2  2  
 4 Cody Glass               Robby Fabbri             Chris Kreider            25     1   2  2  

5 vs 5 Defense 
   Defense                  Defense                                           Time % Phy DF OF 
 1 Jamie Oleksiak           Mattias Samuelsson                                25     1   2  2  
 2 Joel Edmundson           Carson Soucy                                      25     1   2  2  
 3 Olli Maatta              Vince Dunn                                        25     1   2  2  
 4 Jamie Oleksiak           Vince Dunn                                        25     1   2  2  

PowerPlay Forward 
   Center                   Left Wing                Right Wing               Time % Phy DF OF 
 1 Claude Giroux            Chris Kreider            Lawson Crouse            60     1   2  2  
 2 Jonathan Toews           Matthew Boldy            Andrei Kuzmenko          40     1   2  2  

PowerPlay Defense
   Defense                  Defense                                           Time % Phy DF OF 
 1 Jamie Oleksiak           Vince Dunn                                        60     1   2  2  
 2 Joel Edmundson           Mattias Samuelsson                                40     1   2  2  

Penalty Kill 4 Players Forward 
   Center                   Wing                     Time % Phy DF OF 
 1 Lawson Crouse            Jordan Martinook         60     1   2  2  
 2 Jack Roslovic            Claude Giroux            40     1   2  2  

Penalty Kill 4 Players Defense
   Defense                  Defense                  Time % Phy DF OF 
 1 Jamie Oleksiak           Mattias Samuelsson       60     1   2  2  
 2 Joel Edmundson           Carson Soucy             40     1   2  2  

Penalty Kill - 3 Players Forward 
   Forward                                           Time % Phy DF OF 
 1 Jonathan Toews                                    60     1   2  2  
 2 Claude Giroux                                     40     1   2  2  

Penalty Kill - 3 Players Defense
   Defense                  Defense                  Time % Phy DF OF 
 1 Jamie Oleksiak           Mattias Samuelsson       60     1   2  2  
 2 Joel Edmundson           Carson Soucy             40     1   2  2  

4 vs 4 Forward 
   Center                   Wing                     Time % Phy DF OF 
 1 Jack Roslovic            Claude Giroux            60     1   2  2  
 2 Lawson Crouse            Jonathan Toews           40     1   2  2  

4 vs 4 Defense
   Defense                  Defense                  Time % Phy DF OF 
 1 Jamie Oleksiak           Vince Dunn               60     1   2  2  
 2 Joel Edmundson           Mattias Samuelsson       40     1   2  2  

Last Minutes Offensive
   Center                   Left Wing                Right Wing               Defense                  Defense                  
   Claude Giroux            Chris Kreider            Lawson Crouse            Jamie Oleksiak           Vince Dunn               

Last Minutes Defensive
   Center                   Left Wing                Right Wing               Defense                  Defense                  
   Claude Giroux            Chris Kreider            Lawson Crouse            Jamie Oleksiak           Vince Dunn               

Goaltenders
Starting : Thatcher Demko           
Backup : Darcy Kuemper            

Extra Forwards
Normal : Nick Bonino, Jack Roslovic, Cody Glass - PP : Nick Bonino, Jack Roslovic - PK : Cody Glass
Extra Defensemen
Normal : Olli Maatta, Carson Soucy, Joel Edmundson - PP : Olli Maatta - PK : Carson Soucy, Joel Edmundson
Penalty Shots
Chris Kreider, Claude Giroux, Lawson Crouse, Jonathan Toews, Matthew Boldy
Custom OT Lines Forwards
Chris Kreider, Claude Giroux, Lawson Crouse, Jonathan Toews, Matthew Boldy, Andrei Kuzmenko, Nick Bonino, Jack Roslovic, Cody Glass, Jordan Martinook
Custom OT Lines Defensemen
Jamie Oleksiak, Vince Dunn, Joel Edmundson, Mattias Samuelsson, Olli Maatta

Scratches
Pius Suter (Healthy), Patrick Brown (Healthy), Riley Nash (Healthy)

Oilers

5 vs 5 Forward 
   Center                   Left Wing                Right Wing               Time % Phy DF OF 
 1 Connor McDavid           J.T. Miller              Yanni Gourde             31     0   4  1  
 2 Auston Matthews          Brad Marchand            Sam Reinhart             31     0   4  1  
 3 Sam Bennett              Andre Burakovsky         Nick Schmaltz            31     0   4  1  
 4 David Kampf              Radek Faksa              Oskar Sundqvist          7      0   4  1  

5 vs 5 Defense 
   Defense                  Defense                                           Time % Phy DF OF 
 1 Jared Spurgeon           Rasmus Andersson                                  33     0   4  1  
 2 Morgan Rielly            Matthew Benning                                   33     0   4  1  
 3 Ian Cole                 Jonas Brodin                                      33     0   4  1  
 4 Jared Spurgeon           Rasmus Andersson                                  1      0   4  1  

PowerPlay Forward 
   Center                   Left Wing                Right Wing               Time % Phy DF OF 
 1 Auston Matthews          J.T. Miller              Sam Reinhart             60     0   0  5  
 2 Sam Bennett              Andre Burakovsky         Nick Schmaltz            40     0   0  5  

PowerPlay Defense
   Defense                  Defense                                           Time % Phy DF OF 
 1 Connor McDavid           Brad Marchand                                     60     0   0  5  
 2 Connor McDavid           Morgan Rielly                                     40     0   0  5  

Penalty Kill 4 Players Forward 
   Center                   Wing                     Time % Phy DF OF 
 1 J.T. Miller              Radek Faksa              60     0   5  0  
 2 David Kampf              Yanni Gourde             40     0   5  0  

Penalty Kill 4 Players Defense
   Defense                  Defense                  Time % Phy DF OF 
 1 Jared Spurgeon           Ian Cole                 60     0   5  0  
 2 Matthew Benning          Jonas Brodin             40     0   5  0  

Penalty Kill - 3 Players Forward 
   Forward                                           Time % Phy DF OF 
 1 David Kampf                                       60     0   5  0  
 2 J.T. Miller                                       40     0   5  0  

Penalty Kill - 3 Players Defense
   Defense                  Defense                  Time % Phy DF OF 
 1 Jared Spurgeon           Ian Cole                 60     0   5  0  
 2 Matthew Benning          Jonas Brodin             40     0   5  0  

4 vs 4 Forward 
   Center                   Wing                     Time % Phy DF OF 
 1 Connor McDavid           J.T. Miller              60     0   1  4  
 2 Auston Matthews          Sam Reinhart             40     0   1  4  

4 vs 4 Defense
   Defense                  Defense                  Time % Phy DF OF 
 1 Jared Spurgeon           Rasmus Andersson         60     0   2  3  
 2 Morgan Rielly            Matthew Benning          40     0   2  3  

Last Minutes Offensive
   Center                   Left Wing                Right Wing               Defense                  Defense                  
   Auston Matthews          J.T. Miller              Sam Reinhart             Connor McDavid           Brad Marchand            

Last Minutes Defensive
   Center                   Left Wing                Right Wing               Defense                  Defense                  
   David Kampf              J.T. Miller              Yanni Gourde             Jared Spurgeon           Matthew Benning          

Goaltenders
Starting : Connor Hellebuyck        
Backup : Jaroslav Halak           

Extra Forwards
Normal : Connor McDavid, Auston Matthews, J.T. Miller - PP : Auston Matthews, Connor McDavid - PK : Yanni Gourde
Extra Defensemen
Normal : Jared Spurgeon, Jonas Brodin, Morgan Rielly - PP : Matthew Benning - PK : Jared Spurgeon, Rasmus Andersson
Penalty Shots
Connor McDavid, Auston Matthews, J.T. Miller, Rasmus Andersson, David Kampf
Custom OT Lines Forwards
Connor McDavid, Auston Matthews, J.T. Miller, Sam Reinhart, Brad Marchand, Nick Schmaltz, Sam Bennett, Andre Burakovsky, Yanni Gourde, David Kampf
Custom OT Lines Defensemen
Jared Spurgeon, Rasmus Andersson, Morgan Rielly, Jonas Brodin, Matthew Benning

Scratches
Matt Roy (Healthy), Alex Belzile (Healthy)

% Time on Ice - Canucks

Lines # - Real PCT - Wanted PCT - Time Play
Normal Forward
1 - 21% - 25% - 10:40
2 - 28% - 25% - 14:07
3 - 28% - 25% - 14:00
4 - 23% - 25% - 11:18
Normal Defense
1 - 24% - 25% - 12:10
2 - 29% - 25% - 14:35
3 - 30% - 25% - 15:03
4 - 17% - 25% - 8:17
PP Forward
1 - 46% - 60% - 1:49
2 - 54% - 40% - 2:09
PP Defense
1 - 48% - 60% - 1:54
2 - 52% - 40% - 2:04
PK Forward
1 - 64% - 60% - 3:48
2 - 36% - 40% - 2:09
PK Defense
1 - 56% - 60% - 3:19
2 - 44% - 40% - 2:38
PK3 Forward
1 - 0% - 60%
2 - 0% - 40%
PK3 Defense
1 - 0% - 60%
2 - 0% - 40%
44 Forward
1 - 0% - 60%
2 - 0% - 40%
44 Defense
1 - 0% - 60%
2 - 0% - 40%
Last Minute Offensive  - 0:00
Last Minute Defensive  - 0:00
Total
Forward - 60:00
Defense - 60:00

% Time on Ice - Oilers

Lines # - Real PCT - Wanted PCT - Time Play
Normal Forward
1 - 30% - 31% - 14:50
2 - 30% - 31% - 15:11
3 - 28% - 31% - 14:15
4 - 12% - 7% - 5:49
Normal Defense
1 - 32% - 33% - 16:12
2 - 33% - 33% - 16:38
3 - 34% - 33% - 17:05
4 - 0% - 1% - 0:10
PP Forward
1 - 44% - 60% - 2:37
2 - 56% - 40% - 3:20
PP Defense
1 - 50% - 60% - 3:00
2 - 50% - 40% - 2:57
PK Forward
1 - 82% - 60% - 3:14
2 - 18% - 40% - 0:44
PK Defense
1 - 53% - 60% - 2:07
2 - 47% - 40% - 1:51
PK3 Forward
1 - 0% - 60%
2 - 0% - 40%
PK3 Defense
1 - 0% - 60%
2 - 0% - 40%
44 Forward
1 - 0% - 60%
2 - 0% - 40%
44 Defense
1 - 0% - 60%
2 - 0% - 40%
Last Minute Offensive  - 0:00
Last Minute Defensive  - 0:00
Total
Forward - 60:00
Defense - 60:00

Play-by-Play

1st period


0:01 of 1st period - Connor McDavid wins face-off versus Claude Giroux in neutral zone.
0:04 of 1st period - Shot by J.T. Miller.
0:04 of 1st period - Shot Blocked by Claude Giroux.
0:08 of 1st period - Shot by Connor McDavid.
0:08 of 1st period - Stopped by Thatcher Demko without a rebound.
0:09 of 1st period - Auston Matthews wins face-off versus Jonathan Toews in Canucks zone.
0:10 of 1st period - Shot by Brad Marchand.
0:10 of 1st period - Shot Misses the Net.
0:28 of 1st period - Shot by Sam Reinhart.
0:28 of 1st period - Shot Misses the Net.
0:30 of 1st period - Shot by Matthew Benning.
0:30 of 1st period - Stopped by Thatcher Demko with a rebound.
0:32 of 1st period - Shot by Matthew Benning.
0:32 of 1st period - Shot Blocked by Carson Soucy.
0:45 of 1st period - Lawson Crouse is hit by Morgan Rielly and loses puck.
1:07 of 1st period - Shot by Nick Schmaltz.
1:07 of 1st period - Goal by Nick Schmaltz - Canucks : 0 - Oilers : 1.
1:08 of 1st period - Connor McDavid wins face-off versus Jack Roslovic in neutral zone.
1:14 of 1st period - Connor McDavid is hit by Jordan Martinook and loses puck.
2:11 of 1st period - Shot by Nick Schmaltz.
2:11 of 1st period - Goal by Nick Schmaltz - Canucks : 0 - Oilers : 2.
2:12 of 1st period - Cody Glass wins face-off versus Oskar Sundqvist in neutral zone.
2:28 of 1st period - Shot by Oskar Sundqvist.
2:28 of 1st period - Stopped by Thatcher Demko without a rebound.
2:29 of 1st period - Sam Bennett wins face-off versus Claude Giroux in Canucks zone.
2:52 of 1st period - Shot by Andrei Kuzmenko.
2:52 of 1st period - Stopped by Connor Hellebuyck without a rebound.
2:53 of 1st period - Jonathan Toews wins face-off versus Auston Matthews in Oilers zone.
3:02 of 1st period - Shot by Lawson Crouse.
3:02 of 1st period - Goal by Lawson Crouse - Canucks : 1 - Oilers : 2.
3:03 of 1st period - Connor McDavid wins face-off versus Cody Glass in neutral zone.
4:03 of 1st period - Jared Spurgeon is hit by Cody Glass and loses puck.
4:11 of 1st period - Icing by Jared Spurgeon.
4:12 of 1st period - Sam Bennett wins face-off versus Jack Roslovic in Oilers zone.
4:44 of 1st period - Shot by Nick Bonino.
4:44 of 1st period - Stopped by Connor Hellebuyck with a rebound.
4:46 of 1st period - Shot by Nick Bonino.
4:46 of 1st period - Stopped by Connor Hellebuyck without a rebound.
4:47 of 1st period - Jonathan Toews wins face-off versus Auston Matthews in Oilers zone.
4:47 of 1st period - Matthew Boldy is hit by Matthew Benning and loses puck.
5:24 of 1st period - Shot by Auston Matthews.
5:24 of 1st period - Stopped by Thatcher Demko without a rebound.
5:25 of 1st period - David Kampf wins face-off versus Jack Roslovic in Canucks zone.
5:40 of 1st period - Shot by Oskar Sundqvist.
5:40 of 1st period - Shot Misses the Net.
5:50 of 1st period - Shot by Nick Bonino.
5:50 of 1st period - Stopped by Connor Hellebuyck without a rebound.
5:51 of 1st period - Connor McDavid wins face-off versus Claude Giroux in Oilers zone.
5:51 of 1st period - Connor McDavid is hit by Chris Kreider.
5:58 of 1st period - Minor Penalty to Chris Kreider for Roughing.
5:59 of 1st period - Auston Matthews wins face-off versus Lawson Crouse in Canucks zone.
6:00 of 1st period - Shot by Connor McDavid.
6:00 of 1st period - Shot Misses the Net.
6:02 of 1st period - Shot by Sam Reinhart.
6:02 of 1st period - Stopped by Thatcher Demko with a rebound.
6:04 of 1st period - Shot by J.T. Miller.
6:04 of 1st period - Stopped by Thatcher Demko without a rebound.
6:05 of 1st period - Auston Matthews wins face-off versus Lawson Crouse in Canucks zone.
6:12 of 1st period - Shot by Auston Matthews.
6:12 of 1st period - Deflect By Sam Reinhart.
6:12 of 1st period - Shot Misses the Net.
6:30 of 1st period - Shot by Connor McDavid.
6:30 of 1st period - Shot Blocked by Mattias Samuelsson.
7:26 of 1st period - Shot by Morgan Rielly.
7:26 of 1st period - Shot Blocked by Joel Edmundson.
7:28 of 1st period - Shot by Nick Schmaltz.
7:28 of 1st period - Stopped by Thatcher Demko without a rebound.
7:29 of 1st period - Sam Bennett wins face-off versus Lawson Crouse in Canucks zone.
7:32 of 1st period - Shot by Morgan Rielly.
7:32 of 1st period - Stopped by Thatcher Demko with a rebound.
7:39 of 1st period - Icing by Morgan Rielly.
7:40 of 1st period - Sam Bennett wins face-off versus Lawson Crouse in Oilers zone.
7:50 of 1st period - Shot by Andre Burakovsky.
7:50 of 1st period - Stopped by Thatcher Demko with a rebound.
8:02 of 1st period - Shot by David Kampf.
8:02 of 1st period - Stopped by Thatcher Demko without a rebound.
8:03 of 1st period - Claude Giroux wins face-off versus Auston Matthews in Canucks zone.
8:07 of 1st period - Vince Dunn is hit by Ian Cole and loses puck.
8:42 of 1st period - Shot by Auston Matthews.
8:42 of 1st period - Stopped by Thatcher Demko without a rebound.
8:43 of 1st period - David Kampf wins face-off versus Jonathan Toews in Canucks zone.
8:46 of 1st period - Shot by Radek Faksa.
8:46 of 1st period - Stopped by Thatcher Demko without a rebound.
8:47 of 1st period - Jonathan Toews wins face-off versus Andre Burakovsky in Canucks zone.
9:44 of 1st period - Shot by Connor McDavid.
9:44 of 1st period - Shot Misses the Net.
10:02 of 1st period - Shot by J.T. Miller.
10:02 of 1st period - Deflect By Connor McDavid.
10:02 of 1st period - Stopped by Thatcher Demko without a rebound.
10:03 of 1st period - Claude Giroux wins face-off versus Brad Marchand in Canucks zone.
10:30 of 1st period - Sam Reinhart is hit by Chris Kreider and loses puck.
11:23 of 1st period - Shot by J.T. Miller.
11:23 of 1st period - Shot Blocked by Olli Maatta.
11:26 of 1st period - Icing by Nick Bonino.
11:27 of 1st period - Sam Bennett wins face-off versus Jack Roslovic in Canucks zone.
11:50 of 1st period - Shot by Sam Bennett.
11:50 of 1st period - Stopped by Thatcher Demko without a rebound.
11:51 of 1st period - Jonathan Toews wins face-off versus David Kampf in Canucks zone.
12:03 of 1st period - Off-side.
12:04 of 1st period - Cody Glass wins face-off versus Connor McDavid in neutral zone.
12:55 of 1st period - Morgan Rielly is hit by Robby Fabbri.
13:09 of 1st period - Off-side.
13:10 of 1st period - Sam Bennett wins face-off versus Jack Roslovic in neutral zone.
13:10 of 1st period - Jared Spurgeon is hit by Nick Bonino and loses puck.
13:42 of 1st period - Shot by Andre Burakovsky.
13:42 of 1st period - Stopped by Thatcher Demko with a rebound.
13:44 of 1st period - Shot by Rasmus Andersson.
13:44 of 1st period - Stopped by Thatcher Demko without a rebound.
13:45 of 1st period - Jonathan Toews wins face-off versus Auston Matthews in Canucks zone.
13:54 of 1st period - Auston Matthews is hit by Lawson Crouse and loses puck.
14:13 of 1st period - Shot by Sam Reinhart.
14:13 of 1st period - Stopped by Thatcher Demko with a rebound.
14:24 of 1st period - Brad Marchand is hit by Olli Maatta and loses puck.
14:52 of 1st period - Jack Roslovic is hit by Jared Spurgeon and loses puck.
15:10 of 1st period - Icing by Jared Spurgeon.
15:11 of 1st period - David Kampf wins face-off versus Claude Giroux in Oilers zone.
15:11 of 1st period - David Kampf is hit by Chris Kreider.
15:17 of 1st period - Shot by Rasmus Andersson.
15:17 of 1st period - Stopped by Thatcher Demko without a rebound.
15:18 of 1st period - Sam Bennett wins face-off versus Andrei Kuzmenko in Canucks zone.
15:31 of 1st period - Shot by Andrei Kuzmenko.
15:31 of 1st period - Shot Misses the Net.
16:16 of 1st period - Icing by Sam Reinhart.
16:17 of 1st period - Jack Roslovic wins face-off versus Auston Matthews in Oilers zone.
16:50 of 1st period - Shot by Nick Bonino.
16:50 of 1st period - Stopped by Connor Hellebuyck without a rebound.
16:51 of 1st period - Jonathan Toews wins face-off versus Connor McDavid in Oilers zone.
16:56 of 1st period - Shot by Lawson Crouse.
16:56 of 1st period - Stopped by Connor Hellebuyck without a rebound.
16:57 of 1st period - Connor McDavid wins face-off versus Jonathan Toews in Oilers zone.
16:57 of 1st period - Connor McDavid is hit by Lawson Crouse.
17:02 of 1st period - Off-side.
17:03 of 1st period - Cody Glass wins face-off versus Connor McDavid in neutral zone.
17:15 of 1st period - Chris Kreider is hit by Jared Spurgeon and loses puck.
17:57 of 1st period - Minor Penalty to Rasmus Andersson for Hooking.
17:58 of 1st period - Auston Matthews wins face-off versus Jonathan Toews in Oilers zone.
18:16 of 1st period - Icing by Matthew Boldy.
18:17 of 1st period - Radek Faksa wins face-off versus Jonathan Toews in Canucks zone.
18:20 of 1st period - Shot by J.T. Miller.
18:20 of 1st period - Shot Blocked by Joel Edmundson.
18:28 of 1st period - Shot by Jonathan Toews.
18:28 of 1st period - Shot Blocked by Jared Spurgeon.
19:24 of 1st period - Shot by Chris Kreider.
19:24 of 1st period - Shot Misses the Net.
19:26 of 1st period - Shot by Vince Dunn.
19:26 of 1st period - Shot Misses the Net.
19:28 of 1st period - Shot by Vince Dunn.
19:28 of 1st period - Shot Misses the Net.
19:50 of 1st period - Shot by Jonathan Toews.
19:50 of 1st period - Stopped by Connor Hellebuyck without a rebound.
19:51 of 1st period - Claude Giroux wins face-off versus J.T. Miller in Oilers zone.
Goals for this period are 1 for Canucks vs 2 for Oilers.
Shots for this period are 8 for Canucks vs 20 for Oilers.

2nd period


0:01 of 2nd period - Sam Bennett wins face-off versus Chris Kreider in neutral zone.
0:17 of 2nd period - Vince Dunn is hit by Matthew Benning and loses puck.
0:22 of 2nd period - Shot by Chris Kreider.
0:22 of 2nd period - Goal by Chris Kreider - Canucks : 2 - Oilers : 2.
0:23 of 2nd period - Auston Matthews wins face-off versus Jack Roslovic in neutral zone.
0:45 of 2nd period - Shot by Auston Matthews.
0:45 of 2nd period - Shot Misses the Net.
1:03 of 2nd period - Shot by Auston Matthews.
1:03 of 2nd period - Shot Misses the Net.
1:05 of 2nd period - Shot by Jonas Brodin.
1:05 of 2nd period - Shot Blocked by Carson Soucy.
1:37 of 2nd period - Shot by Andre Burakovsky.
1:37 of 2nd period - Stopped by Thatcher Demko with a rebound.
1:41 of 2nd period - Shot by Sam Bennett.
1:41 of 2nd period - Stopped by Thatcher Demko without a rebound.
1:42 of 2nd period - Yanni Gourde wins face-off versus Andrei Kuzmenko in Canucks zone.
1:54 of 2nd period - Shot by J.T. Miller.
1:54 of 2nd period - Shot Blocked by Vince Dunn.
1:56 of 2nd period - Shot by J.T. Miller.
1:56 of 2nd period - Shot Hit the Post.
2:17 of 2nd period - Vince Dunn is hit by Jared Spurgeon and loses puck.
2:33 of 2nd period - Icing by Vince Dunn.
2:34 of 2nd period - Claude Giroux wins face-off versus Sam Bennett in Canucks zone.
2:59 of 2nd period - Shot by Andre Burakovsky.
2:59 of 2nd period - Stopped by Thatcher Demko without a rebound.
3:00 of 2nd period - Jonathan Toews wins face-off versus Auston Matthews in Canucks zone.
3:08 of 2nd period - Shot by Sam Reinhart.
3:08 of 2nd period - Stopped by Thatcher Demko without a rebound.
3:09 of 2nd period - Auston Matthews wins face-off versus Cody Glass in Canucks zone.
3:24 of 2nd period - Ian Cole is hit by Robby Fabbri and loses puck.
3:30 of 2nd period - Icing by Brad Marchand.
3:31 of 2nd period - Lawson Crouse wins face-off versus Sam Reinhart in Oilers zone.
3:31 of 2nd period - Jonathan Toews is hit by Ian Cole and loses puck.
3:38 of 2nd period - Shot by Brad Marchand.
3:38 of 2nd period - Stopped by Thatcher Demko without a rebound.
3:39 of 2nd period - Sam Bennett wins face-off versus Jonathan Toews in Canucks zone.
3:40 of 2nd period - Shot by Andre Burakovsky.
3:40 of 2nd period - Deflect By Nick Schmaltz.
3:40 of 2nd period - Stopped by Thatcher Demko with a rebound.
3:42 of 2nd period - Shot by Sam Bennett.
3:42 of 2nd period - Stopped by Thatcher Demko without a rebound.
3:43 of 2nd period - Sam Bennett wins face-off versus Jonathan Toews in Canucks zone.
3:52 of 2nd period - Shot by Sam Bennett.
3:52 of 2nd period - Stopped by Thatcher Demko without a rebound.
3:53 of 2nd period - Connor McDavid wins face-off versus Cody Glass in Canucks zone.
4:04 of 2nd period - Shot by J.T. Miller.
4:04 of 2nd period - Stopped by Thatcher Demko with a rebound.
4:06 of 2nd period - Shot by Yanni Gourde.
4:06 of 2nd period - Shot Blocked by Chris Kreider.
4:08 of 2nd period - Shot by J.T. Miller.
4:08 of 2nd period - Goal by J.T. Miller - Canucks : 2 - Oilers : 3.
4:09 of 2nd period - Jonathan Toews wins face-off versus Sam Bennett in neutral zone.
4:12 of 2nd period - Shot by Matthew Boldy.
4:12 of 2nd period - Stopped by Connor Hellebuyck without a rebound.
4:13 of 2nd period - Cody Glass wins face-off versus Auston Matthews in Oilers zone.
4:50 of 2nd period - Shot by Auston Matthews.
4:50 of 2nd period - Shot Misses the Net.
4:52 of 2nd period - Shot by Auston Matthews.
4:52 of 2nd period - Shot Blocked by Jamie Oleksiak.
5:02 of 2nd period - Brad Marchand is hit by Chris Kreider and loses puck.
5:35 of 2nd period - Shot by Sam Bennett.
5:35 of 2nd period - Stopped by Thatcher Demko without a rebound.
5:36 of 2nd period - Nick Bonino wins face-off versus Connor McDavid in Canucks zone.
5:56 of 2nd period - Shot by J.T. Miller.
5:56 of 2nd period - Shot Blocked by Joel Edmundson.
6:24 of 2nd period - J.T. Miller is hit by Lawson Crouse and loses puck.
6:35 of 2nd period - Shot by Lawson Crouse.
6:35 of 2nd period - Shot Misses the Net.
6:37 of 2nd period - Shot by Olli Maatta.
6:37 of 2nd period - Stopped by Connor Hellebuyck with a rebound.
6:39 of 2nd period - Shot by Matthew Boldy.
6:39 of 2nd period - Shot Misses the Net.
7:00 of 2nd period - Icing by Jared Spurgeon.
7:01 of 2nd period - Claude Giroux wins face-off versus Connor McDavid in Oilers zone.
8:36 of 2nd period - Off-side.
8:37 of 2nd period - Jonathan Toews wins face-off versus David Kampf in neutral zone.
9:08 of 2nd period - Shot by Matthew Boldy.
9:08 of 2nd period - Shot Misses the Net.
9:23 of 2nd period - Icing by Morgan Rielly.
9:24 of 2nd period - Andrei Kuzmenko wins face-off versus David Kampf in Oilers zone.
9:25 of 2nd period - Shot by Chris Kreider.
9:25 of 2nd period - Shot Misses the Net.
9:27 of 2nd period - Shot by Mattias Samuelsson.
9:27 of 2nd period - Stopped by Connor Hellebuyck with a rebound.
9:29 of 2nd period - Shot by Jamie Oleksiak.
9:29 of 2nd period - Stopped by Connor Hellebuyck without a rebound.
9:30 of 2nd period - Sam Bennett wins face-off versus Claude Giroux in Oilers zone.
9:30 of 2nd period - Sam Bennett is hit by Chris Kreider.
9:33 of 2nd period - Icing by Nick Schmaltz.
9:34 of 2nd period - Sam Bennett wins face-off versus Claude Giroux in Oilers zone.
9:34 of 2nd period - Nick Schmaltz is hit by Claude Giroux and loses puck.
9:40 of 2nd period - Ian Cole is hit by Jamie Oleksiak and loses puck.
9:44 of 2nd period - Nick Schmaltz is hit by Mattias Samuelsson.
10:13 of 2nd period - Shot by Andrei Kuzmenko.
10:13 of 2nd period - Shot Misses the Net.
11:24 of 2nd period - Shot by Connor McDavid.
11:24 of 2nd period - Shot Hit the Post.
11:26 of 2nd period - Shot by Yanni Gourde.
11:26 of 2nd period - Shot Blocked by Olli Maatta.
11:28 of 2nd period - Shot by Connor McDavid.
11:28 of 2nd period - Shot Misses the Net.
11:30 of 2nd period - Shot by J.T. Miller.
11:30 of 2nd period - Stopped by Thatcher Demko with a rebound.
11:32 of 2nd period - Shot by Morgan Rielly.
11:32 of 2nd period - Shot Misses the Net.
11:34 of 2nd period - Shot by J.T. Miller.
11:34 of 2nd period - Stopped by Thatcher Demko without a rebound.
11:35 of 2nd period - David Kampf wins face-off versus Jack Roslovic in Canucks zone.
11:46 of 2nd period - Shot by David Kampf.
11:46 of 2nd period - Stopped by Thatcher Demko without a rebound.
11:47 of 2nd period - Cody Glass wins face-off versus Sam Bennett in Canucks zone.
11:47 of 2nd period - Cody Glass is hit by Sam Bennett.
12:06 of 2nd period - Shot by Sam Bennett.
12:06 of 2nd period - Deflect By Andre Burakovsky.
12:06 of 2nd period - Stopped by Thatcher Demko with a rebound.
12:09 of 2nd period - Icing by Joel Edmundson.
12:10 of 2nd period - Auston Matthews wins face-off versus Cody Glass in Canucks zone.
12:17 of 2nd period - Shot by Auston Matthews.
12:17 of 2nd period - Shot Misses the Net.
12:26 of 2nd period - Icing by Ian Cole.
12:27 of 2nd period - Auston Matthews wins face-off versus Nick Bonino in Oilers zone.
12:59 of 2nd period - Icing by Jamie Oleksiak.
13:00 of 2nd period - Jack Roslovic wins face-off versus Sam Bennett in Canucks zone.
13:10 of 2nd period - Icing by Nick Bonino.
13:11 of 2nd period - Connor McDavid wins face-off versus Jack Roslovic in Canucks zone.
14:07 of 2nd period - Icing by Robby Fabbri.
14:08 of 2nd period - Cody Glass wins face-off versus Sam Bennett in Canucks zone.
15:20 of 2nd period - Shot by Matthew Boldy.
15:20 of 2nd period - Shot Misses the Net.
15:40 of 2nd period - Shot by Auston Matthews.
15:40 of 2nd period - Stopped by Thatcher Demko without a rebound.
15:41 of 2nd period - Jack Roslovic wins face-off versus Connor McDavid in Canucks zone.
16:00 of 2nd period - Shot by Nick Bonino.
16:00 of 2nd period - Stopped by Connor Hellebuyck without a rebound.
16:01 of 2nd period - David Kampf wins face-off versus Claude Giroux in Oilers zone.
16:18 of 2nd period - Shot by Andrei Kuzmenko.
16:18 of 2nd period - Shot Misses the Net.
16:20 of 2nd period - Shot by Mattias Samuelsson.
16:20 of 2nd period - Stopped by Connor Hellebuyck without a rebound.
16:21 of 2nd period - Sam Bennett wins face-off versus Jonathan Toews in Oilers zone.
16:55 of 2nd period - Matthew Boldy is hit by Jonas Brodin and loses puck.
17:14 of 2nd period - Shot by Nick Bonino.
17:14 of 2nd period - Shot Misses the Net.
17:16 of 2nd period - Shot by Jamie Oleksiak.
17:16 of 2nd period - Shot Misses the Net.
17:18 of 2nd period - Shot by Mattias Samuelsson.
17:18 of 2nd period - Goal by Mattias Samuelsson - Canucks : 3 - Oilers : 3.
17:19 of 2nd period - Connor McDavid wins face-off versus Claude Giroux in neutral zone.
17:25 of 2nd period - Off-side.
17:26 of 2nd period - Auston Matthews wins face-off versus Cody Glass in neutral zone.
17:35 of 2nd period - Shot by Auston Matthews.
17:35 of 2nd period - Stopped by Thatcher Demko without a rebound.
17:36 of 2nd period - Yanni Gourde wins face-off versus Claude Giroux in Canucks zone.
17:36 of 2nd period - Yanni Gourde is hit by Jamie Oleksiak.
17:40 of 2nd period - Shot by Connor McDavid.
17:40 of 2nd period - Deflect By J.T. Miller.
17:40 of 2nd period - Goal by J.T. Miller - Canucks : 3 - Oilers : 4.
17:41 of 2nd period - Claude Giroux wins face-off versus Auston Matthews in neutral zone.
17:47 of 2nd period - Brad Marchand is hit by Jamie Oleksiak and loses puck.
17:59 of 2nd period - Icing by Jamie Oleksiak.
18:00 of 2nd period - Claude Giroux wins face-off versus Connor McDavid in Canucks zone.
18:27 of 2nd period - Shot by Connor McDavid.
18:27 of 2nd period - Shot Misses the Net.
19:12 of 2nd period - Icing by Sam Reinhart.
19:13 of 2nd period - Jack Roslovic wins face-off versus Auston Matthews in Oilers zone.
19:40 of 2nd period - Shot by Auston Matthews.
19:40 of 2nd period - Stopped by Thatcher Demko without a rebound.
19:41 of 2nd period - Sam Bennett wins face-off versus Cody Glass in Canucks zone.
19:44 of 2nd period - Shot by Andre Burakovsky.
19:44 of 2nd period - Deflect By Nick Schmaltz.
19:44 of 2nd period - Shot Misses the Net.
19:53 of 2nd period - Sam Bennett is hit by Jamie Oleksiak and loses puck.
Goals for this period are 2 for Canucks vs 2 for Oilers.
Shots for this period are 8 for Canucks vs 19 for Oilers.

3rd period


0:01 of 3rd period - Connor McDavid wins face-off versus Cody Glass in neutral zone.
0:04 of 3rd period - Shot by J.T. Miller.
0:04 of 3rd period - Shot Misses the Net.
0:51 of 3rd period - Icing by Vince Dunn.
0:52 of 3rd period - Sam Bennett wins face-off versus Cody Glass in Canucks zone.
1:01 of 3rd period - Jared Spurgeon is hit by Robby Fabbri and loses puck.
1:33 of 3rd period - Shot by Jordan Martinook.
1:33 of 3rd period - Shot Blocked by Nick Schmaltz.
1:35 of 3rd period - Shot by Nick Bonino.
1:35 of 3rd period - Stopped by Connor Hellebuyck without a rebound.
1:36 of 3rd period - Jonathan Toews wins face-off versus Auston Matthews in Oilers zone.
1:59 of 3rd period - Auston Matthews is hit by Vince Dunn and loses puck.
2:29 of 3rd period - Icing by Jack Roslovic.
2:30 of 3rd period - Jack Roslovic wins face-off versus Yanni Gourde in Canucks zone.
2:40 of 3rd period - Nick Bonino is hit by Jonas Brodin and loses puck.
2:42 of 3rd period - Minor Penalty to Jonas Brodin for Hooking.
2:43 of 3rd period - Claude Giroux wins face-off versus J.T. Miller in Oilers zone.
2:44 of 3rd period - Shot by Joel Edmundson.
2:44 of 3rd period - Stopped by Connor Hellebuyck without a rebound.
2:45 of 3rd period - Claude Giroux wins face-off versus J.T. Miller in Oilers zone.
2:54 of 3rd period - Shot by Claude Giroux.
2:54 of 3rd period - Stopped by Connor Hellebuyck without a rebound.
2:55 of 3rd period - Jonathan Toews wins face-off versus Radek Faksa in Oilers zone.
3:04 of 3rd period - Shot by Andrei Kuzmenko.
3:04 of 3rd period - Stopped by Connor Hellebuyck without a rebound.
3:05 of 3rd period - J.T. Miller wins face-off versus Claude Giroux in Oilers zone.
3:05 of 3rd period - J.T. Miller is hit by Lawson Crouse.
3:35 of 3rd period - Shot by Chris Kreider.
3:35 of 3rd period - Stopped by Connor Hellebuyck without a rebound.
3:36 of 3rd period - Jonathan Toews wins face-off versus Radek Faksa in Oilers zone.
3:37 of 3rd period - Shot by Matthew Boldy.
3:37 of 3rd period - Shot Blocked by Rasmus Andersson.
3:39 of 3rd period - Shot by Jamie Oleksiak.
3:39 of 3rd period - Shot Blocked by Rasmus Andersson.
3:41 of 3rd period - Shot by Jonathan Toews.
3:41 of 3rd period - Stopped by Connor Hellebuyck without a rebound.
3:42 of 3rd period - Jonathan Toews wins face-off versus J.T. Miller in Oilers zone.
3:45 of 3rd period - Shot by Vince Dunn.
3:45 of 3rd period - Shot Misses the Net.
4:56 of 3rd period - Shot by Nick Schmaltz.
4:56 of 3rd period - Shot Misses the Net.
5:08 of 3rd period - Shot by Nick Schmaltz.
5:08 of 3rd period - Stopped by Thatcher Demko with a rebound.
5:10 of 3rd period - Shot by Ian Cole.
5:10 of 3rd period - Shot Misses the Net.
5:12 of 3rd period - Shot by Jonas Brodin.
5:12 of 3rd period - Stopped by Thatcher Demko without a rebound.
5:13 of 3rd period - Cody Glass wins face-off versus Brad Marchand in Canucks zone.
5:24 of 3rd period - Sam Reinhart is hit by Chris Kreider and loses puck.
5:44 of 3rd period - Shot by Cody Glass.
5:44 of 3rd period - Shot Misses the Net.
5:46 of 3rd period - Shot by Olli Maatta.
5:46 of 3rd period - Stopped by Connor Hellebuyck with a rebound.
5:48 of 3rd period - Shot by Cody Glass.
5:48 of 3rd period - Stopped by Connor Hellebuyck without a rebound.
5:49 of 3rd period - Jonathan Toews wins face-off versus J.T. Miller in Oilers zone.
6:05 of 3rd period - Lawson Crouse is hit by Rasmus Andersson and loses puck.
6:18 of 3rd period - Shot by Lawson Crouse.
6:18 of 3rd period - Shot Misses the Net.
6:56 of 3rd period - Shot by Nick Schmaltz.
6:56 of 3rd period - Shot Misses the Net.
6:58 of 3rd period - Shot by Nick Schmaltz.
6:58 of 3rd period - Shot Blocked by Jamie Oleksiak.
7:06 of 3rd period - Shot by Sam Bennett.
7:06 of 3rd period - Stopped by Thatcher Demko without a rebound.
7:07 of 3rd period - Auston Matthews wins face-off versus Claude Giroux in Canucks zone.
7:08 of 3rd period - Shot by Sam Reinhart.
7:08 of 3rd period - Stopped by Thatcher Demko without a rebound.
7:09 of 3rd period - Auston Matthews wins face-off versus Claude Giroux in Canucks zone.
7:13 of 3rd period - Icing by Olli Maatta.
7:14 of 3rd period - Claude Giroux wins face-off versus Auston Matthews in Canucks zone.
7:50 of 3rd period - Shot by Claude Giroux.
7:50 of 3rd period - Deflect By Chris Kreider.
7:50 of 3rd period - Goal by Chris Kreider - Canucks : 4 - Oilers : 4.
7:51 of 3rd period - Sam Bennett wins face-off versus Jack Roslovic in neutral zone.
7:53 of 3rd period - Rasmus Andersson is hit by Joel Edmundson and loses puck.
8:07 of 3rd period - Rasmus Andersson is hit by Carson Soucy and loses puck.
8:08 of 3rd period - Minor Penalty to Joel Edmundson for High sticking.
8:09 of 3rd period - Lawson Crouse wins face-off versus Auston Matthews in Canucks zone.
8:24 of 3rd period - Shot by Sam Reinhart.
8:24 of 3rd period - Shot Misses the Net.
8:26 of 3rd period - Shot by Connor McDavid.
8:26 of 3rd period - Stopped by Thatcher Demko without a rebound.
8:27 of 3rd period - Sam Bennett wins face-off versus Lawson Crouse in Canucks zone.
10:00 of 3rd period - Shot by J.T. Miller.
10:00 of 3rd period - Shot Misses the Net.
10:14 of 3rd period - Shot by Radek Faksa.
10:14 of 3rd period - Stopped by Thatcher Demko without a rebound.
10:15 of 3rd period - David Kampf wins face-off versus Claude Giroux in Canucks zone.
10:15 of 3rd period - David Kampf is hit by Vince Dunn.
10:19 of 3rd period - Shot by Oskar Sundqvist.
10:19 of 3rd period - Shot Misses the Net.
10:37 of 3rd period - Shot by David Kampf.
10:37 of 3rd period - Stopped by Thatcher Demko without a rebound.
10:38 of 3rd period - Auston Matthews wins face-off versus Jonathan Toews in Canucks zone.
11:06 of 3rd period - Jonathan Toews is hit by Ian Cole and loses puck.
11:39 of 3rd period - Shot by Claude Giroux.
11:39 of 3rd period - Shot Misses the Net.
11:51 of 3rd period - Shot by David Kampf.
11:51 of 3rd period - Shot Blocked by Vince Dunn.
11:53 of 3rd period - Shot by Jared Spurgeon.
11:53 of 3rd period - Shot Misses the Net.
11:55 of 3rd period - Shot by Radek Faksa.
11:55 of 3rd period - Shot Blocked by Vince Dunn.
12:31 of 3rd period - Off-side.
12:32 of 3rd period - Sam Bennett wins face-off versus Jordan Martinook in neutral zone.
12:55 of 3rd period - Icing by Nick Schmaltz.
12:56 of 3rd period - Jonathan Toews wins face-off versus Sam Bennett in Oilers zone.
12:56 of 3rd period - Matthew Boldy is hit by Morgan Rielly and loses puck.
13:08 of 3rd period - Shot by Jonathan Toews.
13:08 of 3rd period - Stopped by Connor Hellebuyck with a rebound.
13:10 of 3rd period - Shot by Lawson Crouse.
13:10 of 3rd period - Shot Misses the Net.
13:12 of 3rd period - Shot by Jamie Oleksiak.
13:12 of 3rd period - Stopped by Connor Hellebuyck without a rebound.
13:13 of 3rd period - Connor McDavid wins face-off versus Jack Roslovic in Oilers zone.
13:18 of 3rd period - Shot by Connor McDavid.
13:18 of 3rd period - Shot Misses the Net.
14:09 of 3rd period - Off-side.
14:10 of 3rd period - Sam Bennett wins face-off versus Jonathan Toews in neutral zone.
14:12 of 3rd period - Minor Penalty to Vince Dunn for Interference.
14:13 of 3rd period - Sam Bennett wins face-off versus Lawson Crouse in Canucks zone.
14:23 of 3rd period - Icing by Sam Bennett.
14:24 of 3rd period - Lawson Crouse wins face-off versus Nick Schmaltz in Oilers zone.
14:35 of 3rd period - Shot by Connor McDavid.
14:35 of 3rd period - Stopped by Thatcher Demko without a rebound.
14:36 of 3rd period - Auston Matthews wins face-off versus Jordan Martinook in Canucks zone.
14:43 of 3rd period - Shot by J.T. Miller.
14:43 of 3rd period - Shot Misses the Net.
16:16 of 3rd period - Icing by Jonas Brodin.
16:17 of 3rd period - David Kampf wins face-off versus Cody Glass in Oilers zone.
16:17 of 3rd period - David Kampf is hit by Cody Glass.
17:08 of 3rd period - David Kampf is hit by Lawson Crouse and loses puck.
17:43 of 3rd period - Icing by Jared Spurgeon.
17:44 of 3rd period - Sam Reinhart wins face-off versus Jack Roslovic in Oilers zone.
17:49 of 3rd period - Nick Bonino is hit by Sam Reinhart and loses puck.
18:06 of 3rd period - Shot by Auston Matthews.
18:06 of 3rd period - Shot Blocked by Nick Bonino.
18:08 of 3rd period - Shot by Sam Reinhart.
18:08 of 3rd period - Shot Misses the Net.
18:10 of 3rd period - Shot by Brad Marchand.
18:10 of 3rd period - Shot Misses the Net.
18:12 of 3rd period - Shot by Brad Marchand.
18:12 of 3rd period - Shot Misses the Net.
18:42 of 3rd period - Shot by Chris Kreider.
18:42 of 3rd period - Shot Misses the Net.
18:44 of 3rd period - Shot by Olli Maatta.
18:44 of 3rd period - Stopped by Connor Hellebuyck without a rebound.
18:45 of 3rd period - Connor McDavid wins face-off versus Chris Kreider in Oilers zone.
18:45 of 3rd period - Connor McDavid is hit by Chris Kreider.
18:55 of 3rd period - Off-side.
18:56 of 3rd period - Jonathan Toews wins face-off versus Sam Bennett in neutral zone.
19:09 of 3rd period - Shot by Sam Bennett.
19:09 of 3rd period - Stopped by Thatcher Demko without a rebound.
19:10 of 3rd period - Connor McDavid wins face-off versus Cody Glass in Canucks zone.
19:51 of 3rd period - Shot by J.T. Miller.
19:51 of 3rd period - Stopped by Thatcher Demko with a rebound.
Goals for this period are 1 for Canucks vs 0 for Oilers.
Shots for this period are 12 for Canucks vs 10 for Oilers.

Overtime #1


0:01 of 1st overtime period - Auston Matthews wins face-off versus Claude Giroux in neutral zone.
0:14 of 1st overtime period - Shot by Connor McDavid.
0:14 of 1st overtime period - Stopped by Thatcher Demko without a rebound.
0:15 of 1st overtime period - Auston Matthews wins face-off versus Claude Giroux in Canucks zone.
0:44 of 1st overtime period - Shot by Auston Matthews.
0:44 of 1st overtime period - Shot Misses the Net.
0:46 of 1st overtime period - Shot by Jared Spurgeon.
0:46 of 1st overtime period - Stopped by Thatcher Demko without a rebound.
0:47 of 1st overtime period - Jonathan Toews wins face-off versus J.T. Miller in Canucks zone.
1:06 of 1st overtime period - Shot by Lawson Crouse.
1:06 of 1st overtime period - Shot Misses the Net.
1:50 of 1st overtime period - Shot by Auston Matthews.
1:50 of 1st overtime period - Shot Misses the Net.
2:47 of 1st overtime period - Shot by Nick Schmaltz.
2:47 of 1st overtime period - Shot Misses the Net.
2:49 of 1st overtime period - Shot by Nick Schmaltz.
2:49 of 1st overtime period - Stopped by Thatcher Demko without a rebound.
2:50 of 1st overtime period - J.T. Miller wins face-off versus Matthew Boldy in Canucks zone.
2:57 of 1st overtime period - Shot by J.T. Miller.
2:57 of 1st overtime period - Stopped by Thatcher Demko with a rebound.
2:59 of 1st overtime period - Shot by Rasmus Andersson.
2:59 of 1st overtime period - Stopped by Thatcher Demko with a rebound.
3:03 of 1st overtime period - Shot by Connor McDavid.
3:03 of 1st overtime period - Shot Misses the Net.
3:21 of 1st overtime period - Shot by Connor McDavid.
3:21 of 1st overtime period - Goal by Connor McDavid - Canucks : 4 - Oilers : 5.
Goals for this period are 0 for Canucks vs 1 for Oilers.
Shots for this period are 0 for Canucks vs 6 for Oilers.